 Dungeon Crawl Stone Soup version 0.17.1-3-g152610e (webtiles) character file.

48 retronalle the Insei (level 3, -1/29 HPs)
             Began as a Draconian Transmuter on Feb 27, 2016.
             Slain by an adder (3 damage)
             ... on level 2 of the Dungeon.
             The game lasted 00:04:15 (1070 turns).

retronalle the Insei (Draconian Transmuter)         Turns: 1070, Time: 00:04:15

Health: -1/29      AC:  5    Str: 12    XL:     3   Next: 50%
Magic:  6/6        EV: 12    Int: 15    God:
Gold:   41         SH:  0    Dex: 12    Spells: 1 memorised, 5 levels left

rFire  . . .     SeeInvis .       - Unarmed
rCold  + . .     Clarity  .     (armour unavailable)
rNeg   . . .     SustAt   .     (no shield)
rPois  .         Gourm    .     (helmet restricted)
rElec  .         Spirit   .     (no cloak)
rCorr  .         Warding  .     (no gloves)
rMut   .         Stasis   .     (no boots)
MR     .....                    (no amulet)
Stlth  +.........               (no ring)
                                (no ring)

@: lethally poisoned (-1 -> -4), flying, not resistant to hostile enchantments,
very unstealthy
A: unfitting armour, clever 1, cold resistance 1, cold-blooded, subdued magic 1,
AC +5
a: no special abilities


You were on level 2 of the Dungeon.
You were hungry.

You visited 1 branch of the dungeon, and saw 2 of its levels.

You collected 41 gold pieces.

Inventory:

Missiles
 a - 43 arrows
Jewellery
 h - an uncursed ring of protection from fire {unknown}
Scrolls
 f - a scroll of immolation {unknown}
 g - a scroll of remove curse {unknown}
 i - 2 scrolls of identify
 k - a scroll of recharging {unknown}
Potions
 e - 3 potions of lignification
Books
 b - a book of Changes

   Spells                             Type                      Level
   a - Beastly Appendage              Transmutation                1
   b - Sticks to Snakes               Transmutation                2
   c - Spider Form                    Transmutation/Poison         3
   d - Ice Form                       Ice/Transmutation            4
   e - Blade Hands                    Transmutation                5
Comestibles
 c - 2 bread rations
 l - a meat ration
 n - a beef jerky


   Skills:
 + Level 1.7 Fighting
 + Level 2.3 Dodging
 + Level 0.2 Stealth
 + Level 3.4 Unarmed Combat
 + Level 2.2 Spellcasting
 + Level 2.4 Transmutations


You had 5 spell levels left.
You knew the following spells:

 Your Spells              Type           Power        Failure   Level  Hunger
a - Beastly Appendage     Trmt           #.....       4%          1    #......


Dungeon Overview and Level Annotations

Branches:
Dungeon (2/15)

Altars:
Ashenzari


Innate Abilities, Weirdness & Mutations

Your plain brown scales are hard (AC +5).
Your body does not fit into most forms of armour.
You are cold-blooded and may be slowed by cold attacks.
Your mind is acute. (Int +2)
Your flesh is cold resistant.
Your spells are a little easier to cast, but a little less powerful.


Message History

The adder poisons you! The giant newt barely misses you.
You miss the adder.
The adder is almost dead.
You feel sick. The adder bites you.
* * * LOW HITPOINT WARNING * * *
The giant newt bites you.
* * * LOW HITPOINT WARNING * * *
You are too injured to fight recklessly!
You are too injured to fight recklessly!
Drink which item? (? for menu, Esc to quit)
It was a potion of flight.
You feel very buoyant.
You fly up into the air.
The adder bites you.
* * * LOW HITPOINT WARNING * * *
The giant newt closely misses you. The adder misses you.
The giant newt falls through a shaft!
The shaft crumbles and collapses.
* * * LOW HITPOINT WARNING * * *
You feel sick. The adder bites you.
You die...

....#..†###....# ..
....+........... #..
.. #...#####...
+..#######...#####.##
?#....................
......................
......................
.............######.##
..........S@..(.......
............#######. #
#.###########


You could see an adder.

Vanquished Creatures
  2 oozes (D:1)
  A giant gecko (D:2)
  3 giant cockroaches (D:1)
  4 goblins
  2 hobgoblins (D:1)
  7 jackals
  7 kobolds
  3 bats (D:1)
  A giant newt (D:1)
  6 rats (D:1)
36 creatures vanquished.

Notes
Turn   | Place    | Note
--------------------------------------------------------------
     0 | D:1      | retronalle the Draconian Transmuter began the quest for the Orb.
     0 | D:1      | Reached XP level 1. HP: 16/16 MP: 3/3
   298 | D:1      | Found a shattered altar of Ashenzari.
   313 | D:1      | Reached XP level 2. HP: 18/23 MP: 5/5
   700 | D:1      | Gained mutation: Your spells are a little easier to cast, but a little less powerful. [potion of mutation]
   700 | D:1      | Gained mutation: Your flesh is cold resistant. [potion of mutation]
   700 | D:1      | Gained mutation: Your mind is acute. (Int +2) [potion of mutation]
   710 | D:1      | Reached XP level 3. HP: 28/28 MP: 6/6
  1070 | D:2      | Slain by an adder

Action                   || total
-------------------------++-------
Melee: Unarmed           ||   130
 Cast: Beastly Appendage ||     2
  Use: Scroll            ||     2
       Potion            ||     5
